 Dungeon Crawl Stone Soup version 0.29-a0-397-g846e4a0bbc (webtiles) character file.

Game seed: 15322536885151371426

287 Muataran the Skirmisher (level 6, -4/56 HPs)
             Began as a Minotaur Berserker on May 12, 2022.
             Was a Believer of Trog.
             Slain by a gnoll
             ... wielding a +0 spear
              (8 damage)
             ... on level 3 of the Dungeon.
             The game lasted 00:08:03 (2526 turns).

Muataran the Skirmisher (Minotaur Berserker)        Turns: 2526, Time: 00:08:04

Health: -4/56      AC:  2    Str: 24    XL:     6   Next: 8%
Magic:  0/5        EV: 12    Int:  4    God:    Trog [**....]
Gold:   92         SH:  0    Dex:  9    Spells: 5/5 levels left

rFire   . . .      SeeInvis .   k - +4 flail
rCold   . . .      Faith    .   (no shield)
rNeg    . . .      Spirit   +   b - +0 animal skin
rPois   .          Reflect  .   (helmet restricted)
rElec   .          Harm     .   (no cloak)
rCorr   .          Rampage  .   (no gloves)
Will    .....                   (no boots)
Stlth   +.........              l - amulet of guardian spirit
HPRegen 0.18/turn               (no ring)
MPRegen 0.09/turn               (no ring)

@: on berserk cooldown, slowed, very slow
A: horns 2, retaliatory headbutt
a: Renounce Religion, Berserk, Trog's Hand


You were on level 3 of the Dungeon.
You worshipped Trog.
Trog was pleased with you.
You visited 1 branch of the dungeon, and saw 3 of its levels.

You collected 92 gold pieces.

Inventory:

Hand Weapons
 a - a +0 hand axe
 k - a +4 flail (weapon)
Armour
 b - a +0 animal skin (worn)
Jewellery
 l - an amulet of guardian spirit (around neck)
Scrolls
 c - 4 scrolls of teleportation {unknown}
 e - 3 scrolls of blinking {unknown}
 f - a scroll of identify {unknown}
 h - 2 scrolls of enchant weapon {unknown}
Potions
 d - 2 potions of brilliance {unknown}
 g - 3 potions of flight {unknown}
 i - 3 potions of curing {unknown}
 j - 2 potions of resistance {unknown}


   Skills:
 + Level 5.4 Fighting
 + Level 5.2 Axes
 + Level 4.1 Armour
 + Level 3.7 Dodging


You had 5 spell levels left.
You didn't know any spells.
Your spell library was empty.

Dungeon Overview and Level Annotations

Branches:
Dungeon (3/15)

Altars:
Cheibriados
Fedhas
Okawaru
Xom


Innate Abilities, Weirdness & Mutations

You have a pair of horns on your head.
You reflexively headbutt those who attack you in melee.


Message History

You are too injured to fight recklessly!
The gnoll shouts!
You bludgeon the orc!!
You kill the orc!
Trog accepts your kill.
Things that are here:
a +0 mace; an orc corpse You sock the orc!
You kill the orc!
Trog accepts your kill.
Found a stone staircase leading up.
The orc hits you with a +0 hand axe.
Things that are here:
a +0 war axe; an orc corpse You are too injured to fight recklessly!
You sock the orc!
You kill the orc!
Trog accepts your kill.
You are no longer berserk.
You are exhausted.
You feel yourself slow down.
You closely miss the gnoll. You headbutt the gnoll.
The gnoll is heavily wounded.
The gnoll barely misses you. The gnoll hits you with a +0 spear!
The gnoll barely misses you. The gnoll hits you with a +0 flail.
You barely miss the gnoll. You headbutt the gnoll.
The gnoll is severely wounded.
The gnoll hits you but does no damage. x2; The gnoll hits you with a +0 spear!
* * * LOW HITPOINT WARNING * * *
The gnoll closely misses you.
You hit the gnoll. Your headbutt misses the gnoll.
The gnoll is moderately wounded.
The gnoll hits you with a +0 flail.
* * * LOW HITPOINT WARNING * * *
The gnoll hits you with a +0 spear!
* * * LOW HITPOINT WARNING * * *
The gnoll completely misses you. The gnoll closely misses you.
You furiously retaliate!
You headbutt the gnoll. The gnoll misses you.
The gnoll hits you from afar with a +0 spear!
You die...

##. #..........#.
#..####### #..........##
....>....# #............
.........# #........>.##
........)###..........#.
.........)))............
.......g.###..........##
.......g.###............
.......@..##..........##
..........####.........)
#..........# #.#......##
#.########.# #...##.###
+ ..♣♣♣♣≈♣#.#
.♣≈≈♣≈P≈♣.###
≈≈≈≈≈≈≈...# ≈≈≈≈≈≈♣##.##
≈≈≈≈≈≈≈≈#...


You could see 2 gnolls.

Vanquished Creatures
  3 orc priests (D:3)
  3 orc wizards (D:3)
  2 gnolls
  4 adders (D:2)
  A worm (D:3)
  A dart slug (D:1)
  10 orcs (D:3)
  6 ball pythons
  3 endoplasms
  2 giant cockroaches
  5 goblins
  2 hobgoblins
  5 jackals (D:3)
  8 kobolds
  3 bats
  4 frilled lizards
  2 rats (D:1)
64 creatures vanquished.

Vanquished Creatures (others)
  15 plants (D:3)
15 creatures vanquished.

Grand Total: 79 creatures vanquished

Notes
Turn   | Place    | Note
-------+----------+-------------------------------------------
     0 | D:1      | Muataran the Minotaur Berserker began the quest for the
                  | Orb.
     0 | D:1      | Reached XP level 1. HP: 19/19 MP: 0/0
    24 | D:2      | Reached XP level 2. HP: 27/27 MP: 1/1
   285 | D:1      | Reached XP level 3. HP: 28/33 MP: 2/2
  1245 | D:2      | Found a snail-covered altar of Cheibriados.
  1301 | D:2      | Reached ** piety under Trog
  1385 | D:2      | Reached XP level 4. HP: 41/41 MP: 3/3
  1815 | D:3      | Found a faded altar of an unknown god.
  2072 | D:3      | Found an iron altar of Okawaru.
  2085 | D:3      | Reached XP level 5. HP: 19/47 MP: 4/4
  2088 | D:3      | Reached skill level 5 in Fighting
  2101 | D:3      | Reached skill level 5 in Axes
  2366 | D:3      | Found a shimmering altar of Xom.
  2430 | D:3      | Found a blossoming altar of Fedhas.
  2511 | D:3      | Reached XP level 6. HP: 43/56 MP: 2/5
  2526 | D:3      | Slain by a gnoll

Illustrated notes

Levels and vault maps discovered:
D:1:      nzn_arrival_water_spiral, layout_rooms
D:2:      layout_basic, basic_altar
D:3:      layout_rooms, gammafunk_temple_overflow_forgotten,
          nicolae_tso_carved_into_rock, serial_bayou, serial_bayou_ford_a,
          serial_bayou_pond_c, serial_bayou_pond_a, serial_bayou_lagoon_b,
          shapermc_ecumenical_altar_rom_forum, dk_noncrumbling_3,
          small_statue_intersection, kennysheep_generic_room_4

Skill      XL: |  1  2  3  4  5 |
---------------+----------------+-----
Fighting       | 4 5 |  5.4
Axes           | 4 5 |  5.2
Armour         | 3 4 |  4.1
Dodging        | 3 |  3.7

Action                   |  1- 3 |  4- 6 || total
-------------------------+-------+-------++-------
Melee: Hand axe          |    55 |    24 ||    79
       Headbutt          |     5 |     5 ||    10
       Flail             |       |    50 ||    50
       Punch             |       |     1 ||     1
Invok: Berserk           |     2 |     2 ||     4
       Trog's Hand       |       |     1 ||     1
 Stab: Sleeping          |     1 |       ||     1
Armor: Animal skin       |     9 |    12 ||    21
Dodge: Dodged            |    33 |    57 ||    90

Table legend: (Time is in decaauts)
 A = Elapsed time spent in this place.
 B = Non-inter-level travel time spent in this place.
 C = Inter-level travel time spent in this place.
 D = Time resting spent in this place.
 E = Time spent auto-exploring this place.
 F = Levels seen in this place.
 G = Mean time per level.
                   A        B        C        D        E       F      G
               +--------+--------+--------+--------+--------+-----+--------+
         Total |   2585 |   2374 |    211 |    483 |   1486 |   3 |  861.7 |
       Dungeon |   2585 |   2374 |    211 |    483 |   1486 |   3 |  861.7 |
               +--------+--------+--------+--------+--------+-----+--------+

Top non-repeatable levels by time:
     D:2: 1137 daAuts
     D:1: 764 daAuts
     D:3: 683 daAuts
